 Dungeon Crawl Stone Soup version 0.32-a0-841-g4648e6c457 (webtiles) character file.

Game seed: 9330720491073507936

171 Esekla the Grasshopper (level 5, -2/38 HPs)
             Began as a Demonspawn Wanderer on Mar 26, 2024.
             Was an Initiate of Gozag.
             Slain by a goblin
             ... wielding a +0 club
             ... led by Robin
              (3 damage)
             ... while paralysed by Grinder
             ... on level 4 of the Dungeon.
             The game lasted 00:17:01 (3062 turns).

Esekla the Grasshopper (Demonspawn Wanderer)        Turns: 3062, Time: 00:17:02

Health: -2/38      AC:  5    Str: 13    XL:     5   Next: 26%
Magic:  9/9        EV:  2    Int: 13    God:    Gozag
Gold:   131        SH:  0    Dex: 13    Spells: 7/10 levels left

rFire   . . .        s - +2 dagger (venom)
rCold   + . .        (no shield)
rNeg    . . .        d - +0 leather armour
rPois   .            (helmet restricted)
rElec   .            (no cloak)
rCorr   .            (no gloves)
SInv    .            (no boots)
Will    .....        g - amulet of the acrobat
Stlth   +            i - ring of protection from cold
HPRegen 0.26/turn    (no ring)
MPRegen 0.11/turn

%: acrobat
@: paralysed, attractive
A: horns 2, slimy green scales 1
a: Renounce Religion, Potion Petition, Call Merchant, Bribe Branch


You were on level 4 of the Dungeon.
You worshipped Gozag.
Gozag was aware of your devotion.
You visited 1 branch of the dungeon, and saw 4 of its levels.

You collected 188 gold pieces.
You paid 57 gold pieces to Gozag.

Inventory:

Hand Weapons
 a - a +0 spear
 s - a +2 dagger of venom (weapon)
Armour
 d - a +0 leather armour (worn)
 h - a +0 buckler
Jewellery
 g - an amulet of the acrobat (around neck)
 i - a ring of protection from cold (left hand)
Scrolls
 k - a scroll of revelation {unknown}
 m - a scroll of immolation {unknown}
 n - a scroll of blinking {unknown}
 p - a scroll of butterflies {unknown}
Potions
 c - a potion of curing
 e - 2 potions of enlightenment
 j - a potion of ambrosia
 l - a potion of haste
 o - 3 potions of might {unknown}


   Skills:
 * Level 2.1 Fighting
 + Level 0.8 Short Blades
 + Level 1.9 Polearms
 + Level 1.3 Armour
 + Level 1.4 Dodging
 + Level 0.5 Stealth
 * Level 3.1 Spellcasting
 + Level 3.1 Translocations
 + Level 2.0 Evocations


You had 7 spell levels left.
You knew the following spells:

 Your Spells              Type           Power      Damage    Failure   Level
b - Blink                 Tloc           20%        N/A       12%         2
p - Apportation           Tloc           20%        N/A       9%          1

Your spell library contained the following spells:

 Spells                   Type           Power      Damage    Failure   Level
 Dimensional Bullseye     Hex/Tloc       3%         N/A       83%         4


Dungeon Overview and Level Annotations

Branches:
Dungeon (4/15)
 Temple: D:4-7

Altars:
Gozag

Shops:
D:2 (=([

Annotations:
D:2 jelly
D:3 3 runed translucent doors, gosagan's ghost, amateur OnHW
D:4 Grinder; Robin


Innate Abilities, Weirdness & Mutations

You have a pair of horns on your head.
You are partially covered in slimy green scales. (AC +2)


Message History

You hit Grinder.
Grinder is moderately wounded.
Grinder blinks!
The goblin is attracted toward you. Grinder is attracted toward you.
Robin is attracted toward you.
Okay, then.
Okay, then.
Robin shouts!
You hit Grinder.
Grinder is moderately wounded.
You hear a shout! x2
Robin barely misses you. The goblin hits you with a +0 club. Grinder hits you.
You writhe in agony.
You hear a shout!
You hit Grinder. Your headbutt misses Grinder.
Grinder is moderately wounded.
Robin hits you but does no damage. The goblin hits you with a +0 club.
Grinder gestures at you.
You suddenly lose the ability to move!
Robin hits you from afar with a +0 spear.
The goblin hits you with a +0 club. Grinder hits you but does no damage.
The goblin is attracted toward you. x2
The goblin shouts! x2; You hear a shout!
Robin roars a battlecry!
The goblin goes into a battle-frenzy!
Grinder hits you!
* * * LOW HITPOINT WARNING * * *
You writhe in agony.
* * * LOW HITPOINT WARNING * * *
The goblin is attracted toward you. Something is attracted toward you.
Robin says, "We wiped out the hill dwarves - you're next!"
Robin roars a battlecry!
The goblins go into a battle-frenzy!
The goblin hits you but does no damage. The goblin hits you with a +0 club.
* * * LOW HITPOINT WARNING * * *
Grinder hits you but does no damage. Robin throws the goblin at you!
* * * LOW HITPOINT WARNING * * *
The goblin hits you but does no damage. The goblin hits you with a +0 club.
You die...
Your body crumbles into a pile of gold.

#.# .##.# #.# ... ...# #.#
#.# ...### #.# #.# #.....
#.# #.# #..#.# ##.## #.#
#..#.# ####.g§###g#
#^.#.######
#.....#g##g#####..#.......
#.##.#..5@g.......####....
#.###.#.##g######.# #.###
#.# ###.##.# #.####.# ..#
#.##.######......# ##5.
#.##.##........### ...
##.##.##.######(#
.#.###.........## #.# .
###..#........## #.## #.
#.##..##.##..###..#


You could see Grinder, Robin and 5 goblins.

Vanquished Creatures
  An orc priest (D:3)
  An orc wizard (D:2)
  3 adders
  A ribbon worm (D:3)
  4 dart slugs
  5 orcs
  7 ball pythons
  10 endoplasms
  3 giant cockroaches (D:1)
  7 hobgoblins
  4 jackals (D:3)
  5 kobolds
  3 quokkas
  A bat (D:1)
  3 frilled lizards (D:1)
  7 goblins
  7 rats
72 creatures vanquished.

Notes
Turn   | Place    | Note
-------+----------+-------------------------------------------
     0 | D:1      | Esekla the Demonspawn Wanderer began the quest for the Orb.
     0 | D:1      | Esekla set off with the following items: a +0 spear, a wand
                  | of flame (6), a potion of curing, a +0 leather armour; and
                  | the following spell memorised: Apportation; and the
                  | following spells available to memorise: Blink, Dimensional
                  | Bullseye.
     0 | D:1      | Reached XP level 1. HP: 15/15 MP: 3/3
   156 | D:1      | Gained mutation: You have a pair of small horns on your
                  | head. [demonic ancestry]
   156 | D:1      | Reached XP level 2. HP: 21/21 MP: 5/5
   213 | D:1      | You fall into a shaft and drop 1 floor!
   220 | D:2      | Learned a level 2 spell: Blink
   418 | D:2      | Found Ijabaec's Jewellery Shoppe.
   427 | D:2      | Found Jisuvaamm's Weapon Emporium.
   602 | D:1      | Gained mutation: You have a pair of horns on your head.
                  | [demonic ancestry]
   602 | D:1      | Reached XP level 3. HP: 26/26 MP: 6/6
  1143 | D:2      | Found Beang's Antique Armour Emporium.
  1241 | D:2      | Found Cutedyk's Weapon Emporium.
  1802 | D:2      | Gained mutation: You are partially covered in slimy green
                  | scales. (AC +2) [demonic ancestry]
  1802 | D:2      | Reached XP level 4. HP: 29/33 MP: 8/8
  1829 | D:2      | Reached skill level 1 in Armour
  2002 | D:3      | Reached XP level 5. HP: 37/38 MP: 9/9
  2105 | D:3      | Found a runed translucent gate.
  2105 | D:3      | Found a runed translucent gate.
  2105 | D:3      | Found a runed translucent gate.
  2105 | D:3      | Noticed gosagan's ghost (amateur OnHW)
  2588 | D:4      | Noticed Grinder
  2665 | D:4      | Noticed Robin
  2869 | D:4      | Found an opulent altar of Gozag.
  2874 | D:4      | Became a worshipper of Gozag Ym Sagoz the Greedy
  3048 | D:4      | Paralysed by Grinder for 2 turns
  3058 | D:4      | Paralysed by Grinder for 5 turns
  3062 | D:4      | HP: 1/38 [Robin/goblin (1)]
  3062 | D:4      | Slain by a goblin

Illustrated notes

Levels and vault maps discovered:
D:1:      eino_arrival_water_star, layout_basic, minmay_cupped
D:2:      layout_loops_cross, serial_shops, shop,
          nicolae_shop_temple_entry_statues_fountains, nicolae_shop_stone,
          nicolae_shop_advertising_works [nicolae_subvault_shop_adworks],
          chequers_big_river
D:3:      layout_rooms, serial_rivers, chequers_serial_rivers_micro_e,
          chequers_serial_rivers_micro_d, chequers_serial_rivers_room_a,
          chequers_serial_rivers_micro_d, chequers_serial_rivers_room_a,
          ebering_ghost_rock_garden
D:4:      layout_loops_ring, mainiacjoe_overflow_small_starburst, uniq_robin,
          uniq_grinder

Skill      XL: |  1  2  3  4  5 |
---------------+----------------+-----
Translocations | 3 |  3.1
Armour         | 1 |  1.3
Fighting       | 2 |  2.1
Spellcasting   | 3 |  3.1
Short Blades   | |  0.8
Polearms       | |  1.9
Dodging        | |  1.4
Stealth        | |  0.5
Evocations     | |  2.0

Action                     |  1- 3 |  4- 6 || total
---------------------------+-------+-------++-------
  Melee: Spear             |    92 |       ||    92
         Headbutt          |    13 |     6 ||    19
         Dagger            |    27 |    83 ||   110
   Cast: Apportation       |     5 |       ||     5
         Blink             |     1 |     1 ||     2
  Evoke: Wand              |     4 |     2 ||     6
    Use: Potion            |     1 |     1 ||     2
         Scroll            |       |     4 ||     4
   Stab: Sleeping          |     2 |     1 ||     3
 Armour: Leather armour    |    45 |    58 ||   103
  Dodge: Dodged            |    48 |    47 ||    95

Table legend: (Time is in decaauts)
 A = Elapsed time spent in this place.
 B = Non-inter-level travel time spent in this place.
 C = Inter-level travel time spent in this place.
 D = Time resting spent in this place.
 E = Time spent auto-exploring this place.
 F = Levels seen in this place.
 G = Mean time per level.
                   A        B        C        D        E       F      G
               +--------+--------+--------+--------+--------+-----+--------+
         Total |   3085 |   2981 |    104 |    493 |    973 |   4 |  771.2 |
       Dungeon |   3085 |   2981 |    104 |    493 |    973 |   4 |  771.2 |
               +--------+--------+--------+--------+--------+-----+--------+

Top non-repeatable levels by time:
     D:2: 1070 daAuts
     D:3: 792 daAuts
     D:1: 746 daAuts
     D:4: 477 daAuts
